AoeStats
← Death_Rider

Hideout

509545314Analyzed
1v1 RM · 7d ago on Sep 27, 2026· 41m 12s· 2 players
Game mode
Random Map
Map size
Tiny (2 player)
Population
200
Speed
Normal
Resources
Standard
Victory
Conquest
Starting age
Dark Age
Ending age
Imperial Age
RankedLock teamsTeams togetherTeam positionsShared explorationLock speedFull tech treeHidden civsTurbo modeCheats
Victory
Defeat
🇩🇪 Berbers · Germany
925
+18
🇺🇸 Mongols · United States
959
-18
Death_Rider
10:11 Feudal Age
10:42 Double-Bit Axe
10:43 Horse Collar
17:57 Castle Age
17:48 Gold Mining
18:16 Forging
18:25 Scale Barding Armor
18:51 Loom
18:53 Town Watch
19:05 Light Cavalry
19:47 Husbandry
23:18 Gold Shaft Mining
24:14 Wheelbarrow
24:07 Heavy Plow
26:10 Stone Mining
27:55 Hand Cart
27:41 Town Patrol
31:14 Imperial Age
29:21 Bow Saw
29:21 Treadmill Crane
29:35 Fletching
29:46 Padded Archer Armor
30:07 Bloodlines
29:52 Elite Skirmisher
30:38 Thumb Ring
31:33 Masonry
31:23 Bodkin Arrow
31:44 Leather Archer Armor
32:29 Ballistics
33:10 Chemistry
33:07 Bracer
33:33 Conscription
34:27 Stone Shaft Mining
34:01 Kasbah
35:30 Hoardings
35:38 Hussar
36:50 Maghrebi Camels
36:46 Heavy Camel Rider
38:21 Chain Barding Armor
39:29 Elite Camel Archer
ItsRioBambinoTTV
10:39 Feudal Age
11:23 Double-Bit Axe
12:17 Loom
17:45 Castle Age
16:12 Horse Collar
16:30 Gold Mining
16:30 Stone Mining
18:44 Bow Saw
21:05 Wheelbarrow
20:15 Town Watch
28:28 Bloodlines
28:18 Husbandry
30:25 Hand Cart
30:10 Town Patrol
30:13 Nomads
32:00 Ballistics
31:55 Stone Mining
37:14 Imperial Age
34:58 Forging
34:54 Scale Barding Armor
36:45 Careening
36:49 Masonry
36:50 Fortified Wall
36:36 Murder Holes
37:21 Iron Casting
36:51 Scale Barding Armor
36:54 Fletching
37:04 Padded Archer Armor
38:17 Conscription
38:49 Thumb Ring
39:10 Parthian Tactics
39:50 Chain Barding Armor
40:31 Blast Furnace
39:46 Heavy Camel Rider
Connection lost

Rejoining the realm…

Still unreachable

The connection could not be restored.

Session expired

The server has moved on; the page needs a fresh start.